Construct Section Command Post
Selects Australian Defense Battlegroup
Selects Australian Light Infantry Section
Australian Light Infantry Section
Australian Light Infantry Section
Construct Platoon Command Post
Selects Defensive Tactics
Unlock M3 Stuart Light Tanks
Construct Field Infirmary
Selects CMP 15cwt Supply Run
Australian Light Infantry Section
Selects Artillery Trip Wire Flares
Construct Company Command Post